Map: [ESL] Goldenaura

Players

GuMiho - Winner!

  • Race: Terran Terran
  • Spawn Location: 5:00

NightMare

  • Race: Protoss Protoss
  • League: Master
  • Spawn Location: 12:00

Event: IEM Katowice 2024

VOD

Have the link to the VOD?

Description

Time

  • Played on: Dec. 9, 2023, 9:08 p.m.
  • Length: 6:48

All games in this series

Show
View Real Time Build Order
Export as new Build Order

GuMiho Terran - Winner!

Build Orders: Cyclone Opening 

Get SALT Encoding   

  12  0:00  SCV  
  13  0:12  SCV  
  14  0:17  Supply Depot  
  14  0:24  SCV  
  15  0:38  SCV  
  15  0:42  Barracks  
  16  0:46  Refinery  
  16  0:50  SCV  
  17  1:02  SCV  
  18  1:14  SCV  
  19  1:29  Orbital Command, Marine  
  20  1:41  Command Center  
  20  1:53  Factory  
  20  1:55  SCV  
  21  2:01  Refinery  
  21  2:05  Barracks Reactor  
  21  2:07  SCV  
  22  2:13  Supply Depot  
  22  2:20  SCV  
  23  2:34  SCV  
  23  2:36  Starport  
  24  2:42  Cyclone, Marine  
  24  2:43  Marine  
  28  2:46  SCV  
  29  2:54  Orbital Command  
  29  2:58  SCV  
  29  3:04  Marine x2  
  32  3:11  SCV  
  33  3:14  Starport Tech Lab  
  33  3:16  Factory Tech Lab  
  33  3:17  Supply Depot  
  33  3:18  Orbital Command  
  33  3:23  SCV  
  33  3:25  Marine x2  
  35  3:34  Banshee, Cloaking Field  
  38  3:43  Marine x2, SCV  
  38  3:46  SCV  
  42  3:51  Siege Tank  
  42  3:55  Supply Depot  
  45  3:57  SCV  
  45  4:01  Marine x2  
  48  4:03  SCV  
  48  4:09  SCV  
  50  4:11  Refinery  
  50  4:15  SCV  
  51  4:18  Banshee  
  51  4:19  Marine x2  
  51  4:22  SCV  
  57  4:27  SCV  
  58  4:32  Siege Tank  
  58  4:34  SCV  
  58  4:36  Supply Depot x2  
  62  4:43  SCV  
  62  4:57  SCV, Marine x2  
  62  4:58  SCV  
  66  5:00  Banshee, Supply Depot  
  66  5:04  Siege Tank  
  72  5:10  SCV x2  
  74  5:15  Marine x2  
  76  5:22  SCV x2  
  76  5:33  Marine x2  
  76  5:34  SCV x2  
  73  5:43  Bunker  
  73  5:46  SCV x2  
  75  5:51  Marine x2  
  77  5:58  SCV x2  
  77  6:08  Siege Tank  
  77  6:10  SCV x2  
  77  6:20  Marine  
  77  6:22  SCV x2  
  77  6:24  Marine  
  78  6:34  SCV x2  
Show
View Real Time Build Order
Export as new Build Order

NightMare Protoss 

Build Orders: 1 Gate Expand, Blink Stalkers 

Get SALT Encoding   

  12  0:00  Probe  
  13  0:12  Probe  
  14  0:19  Pylon  
  14  0:24  Probe  
  15  0:37  Probe (Chrono Boost)  
  15  0:39  Gateway  
  16  0:47  Probe (Chrono Boost)  
  16  0:49  Assimilator  
  17  0:52  Probe (Chrono Boost)  
  18  1:04  Probe  
  19  1:16  Probe  
  20  1:26  Cybernetics Core  
  20  1:28  Probe  
  23  1:38  Nexus  
  21  1:44  Pylon  
  21  1:47  Probe  
  21  1:53  Assimilator  
  22  1:59  Probe  
  22  2:00  Adept (Chrono Boost)  
  23  2:05  Warp Gate  
  25  2:11  Probe  
  26  2:20  Stalker (Chrono Boost)  
  26  2:23  Probe  
  29  2:33  Twilight Council  
  29  2:35  Probe  
  30  2:49  Stalker  
  30  2:51  Probe  
  33  2:54  Shield Battery  
  33  2:56  Probe  
  34  3:01  Blink (Chrono Boost)  
  34  3:03  Probe  
  35  3:08  Probe  
  36  3:16  Gateway  
  36  3:18  Probe  
  37  3:22  Probe  
  36  3:31  Robotics Facility  
  36  3:32  Probe  
  37  3:34  Probe  
  37  3:40  Pylon  
  38  3:44  Probe  
  38  3:46  Probe  
  38  3:47  Shield Battery  
  39  3:53  Stalker  
  41  3:56  Probe  
  41  3:58  Probe  
  43  4:08  Probe  
  44  4:10  Probe, Stalker  
  44  4:12  Assimilator  
  44  4:14  Warp Prism (Chrono Boost)  
  47  4:20  Probe  
  47  4:23  Pylon, Probe  
  51  4:25  Stalker  
  53  4:36  Gateway  
  53  4:40  Probe  
  53  4:41  Probe  
  53  4:42  Pylon  
  55  4:47  Stalker  
  55  4:51  Observer  
  58  4:53  Stalker  
  58  4:55  Assimilator  
  58  4:56  Probe x2  
  62  5:03  Pylon  
  62  5:13  Templar Archives  
  62  5:15  Probe x2  
  64  5:26  Stalker x2  
  68  5:30  Nexus  
  69  5:48  Pylon  
  69  5:50  Pylon  
  68  5:59  Stalker x2  
  64  6:06  Stalker  
  64  6:09  Shield Battery  
  45  6:25  Stalker x2  
  29  6:28  Probe  
  29  6:29  Probe  
  29  6:30  Stalker  
  34  6:37  Pylon  
  30  6:41  Shield Battery  

Tags
 
Add a new tag
Caveats
  • Supply blocks, unpowered buildings, or Contaminate may cause inaccurate times.
  • Supply counts are checked every 10 seconds.